 Dungeon Sprint DCSS version 0.20.1-1-g8b1a95d (webtiles) character file.

63522 KingStallion the Slayer (level 15, -11/120 HPs)
             Began as a Gargoyle Berserker on Oct 22, 2017.
             Was a High Priest of Trog.
             Killed from afar by a spellforged servitor (40 damage)
             ... with an orb of energy
             ... summoned by Frederick
             ... in the Dungeon (Sprint IX: "|||||||||||||||||||||||||||||").
             The game lasted 00:25:51 (3447 turns).

KingStallion the Slayer (Gargoyle Berserker)        Turns: 3447, Time: 00:25:51

Health: -11/120    AC: 48    Str: 27    XL:     15   Next: 10%
Magic:  2/17       EV: 14    Int: 11    God:    Trog [*****.]
Gold:   1900       SH:  0    Dex: 12    Spells: 14/14 levels left

rFire    + . .     SeeInvis .   a - +3 dire flail (protect)
rCold    x . .     Gourm    .   (shield currently unavailable)
rNeg     + . .     Faith    .   m - +10 plate armour "Uphotae" {rElec rF+ rC-}
rPois    ∞         Spirit   .   n - +0 helmet
rElec    +         Reflect  .   M - +1 cloak
rCorr    .         Harm     .   L - +1 pair of gloves
MR       +....     NoTele   +   B - +0 pair of boots
Stlth    ..........             (no amulet)
Regen    0.3/turn               b - +3 ring of intelligence
MPRegen  0.2/turn               p - +3 ring of dexterity

@: no status effects
A: big wings, negative energy resistance 1, electricity resistance, unbreathing,
petrification resistance, rot immunity, AC +11
a: Fly, Berserk, Trog's Hand, Brothers in Arms, Burn Spellbooks, Renounce
Religion


You were in the Dungeon.
You worshipped Trog.
Trog was extremely pleased with you.
You were not hungry.

You visited 1 branch You collected 1900 gold pieces.

Inventory:

Hand Weapons
 a - a +3 dire flail of protection (weapon)
 v - the +2 executioner's axe of Fiocsuf {antimagic, rElec rC+}
   (Trog gifted it to you in the Dungeon)

   It reduces the magical energy of the wielder, and disrupts the spells and
   magical abilities of those hit.
   Natural abilities and divine invocations are not affected.
   It protects you from cold.
   It insulates you from electricity.
 x - a +3 antimagic dire flail
 y - a +3 arbalest of velocity
 D - the +4 arbalest of the Salmon {freeze, rPois}
   (Trog gifted it to you in the Dungeon)

   It causes projectiles fired from it to freeze those they strike, causing
   extra injury to most foes and up to half again as much damage against
   particularly susceptible opponents.
   They can also slow down cold-blooded creatures.
   It protects you from poison.
 E - a +2 antimagic dire flail
 F - a +0 blowgun
 H - a +3 antimagic great mace
Missiles
 q - 22 poisoned javelins
 u - 4 tomahawks of returning (quivered)
 C - 2 needles of confusion
 G - 8 curare-tipped needles
 N - 5 needles of sleeping
Armour
 m - the +10 plate armour "Uphotae" (worn) {rElec rF+ rC-}
   (You found it in the Dungeon)

   It protects you from fire.
   It makes you vulnerable to cold.
   It insulates you from electricity.
 n - a +0 helmet (worn)
 B - a +0 pair of boots (worn)
 L - a +1 pair of gloves (worn)
 M - a +1 cloak (worn)
 O - a +0 shield
Jewellery
 b - a +3 ring of intelligence (left hand)
 p - a +3 ring of dexterity (right hand)
 w - a +2 ring of slaying
 I - an uncursed ring of fire
 J - an uncursed ring of protection from fire
 K - an uncursed ring of protection from cold
 P - a +6 ring of intelligence
 Q - a +4 ring of protection
Wands
 l - a wand of acid (0/15)
Scrolls
 i - 5 scrolls of blinking
 k - 8 scrolls of remove curse
 o - 4 scrolls of enchant armour
 s - a scroll of fog
 t - 3 scrolls of fear
 S - a scroll of recharging
 T - 3 scrolls of enchant weapon
Potions
 d - 11 potions of curing
 e - 4 potions of heal wounds
 f - a potion of haste
 g - 5 potions of magic
 h - 4 potions of berserk rage
 j - a potion of invisibility
 r - 3 potions of might
 R - 2 potions of brilliance
Comestibles
 c - 11 bread rations
 z - 40 fruits
 A - 12 meat rations


   Skills:
 * Level 23.4 Fighting
 + Level 10.4(17.1) Axes
 * Level 22.8(23.4) Maces & Flails
 + Level 2.0 Throwing
 * Level 18.8 Armour
 + Level 11.3 Dodging
 + Level 4.9 Stealth
 + Level 2.0 Unarmed Combat
 + Level 3.0 Evocations


You had 14 spell levels left.
You didn't know any spells.

Dungeon Overview and Level Annotations

Branches:
Dungeon (1/1)

Altars:
Cheibriados
Dithmenos
Elyvilon
Fedhas
Gozag
Hepliaklqana
Kikubaaqudgha
Makhleb
Nemelex Xobeh
Okawaru
Qazlal
Ru
Sif Muna
Trog
Uskayaw
Vehumet
Xom
Yredelemnul
Zin
The Shining One
Beogh
Jiyva
Lugonu

Shops:
D %::=

Annotations:
D Frances, Frederick


Innate Abilities, Weirdness & Mutations

You are resistant to torment.
Your stone body is resilient. (AC +11)
You are immune to poison.
Your large and strong wings let you fly indefinitely.
You resist negative energy. (rN+)
You are resistant to electric shocks. (rElec)
You can survive without breathing.
You are immune to petrification.
You are immune to rotting.


Message History

The spellforged servitor casts a spell at you.
The bolt of cold hits you!
You feel a terrible chill!
* * * LOW HITPOINT WARNING * * *
You puncture the spellforged servitor!
Your weapon exudes an aura of protection.
The spellforged servitor is lightly damaged.
You feel much better.
Frederick says, "I've killed five 'adventurers' today.
Will you be the sixth?"
Frances screams a word of power!
Okay, then.
Your ogre goes berserk!
You feel somewhat more hungry.
Frances mutters in a terrible tongue.
You swap places.
Your ogre closely misses the spellforged servitor.
You fail to use your ability.
The spellforged servitor points at you and mumbles some strange words.
The orb of energy hits your ogre.
The orb of energy explodes!
The mystic blast hits you!
You die...

.▓.▓.▓.▓.▓.▓.▓.▓.▓
.▓.▓.▓.▓.▓.▓.▓'▓.▓
.▓.▓.▓.▓.▓.▓.▓.▓3▓
.▓.▓.▓(▓.▓)▓.▓.▓3▓
.▓)▓.▓(▓.▓(▓.▓=▓@▓
.▓)▓.▓)▓.▓(▓.▓=▓@▓
.▓)▓.▓(▓.▓)▓.▓.▓8▓
.▓)▓.▓(▓.▓[▓.▓.▓O▓
.▓)▓.▓(▓.▓.▓.▓.▓@▓
.▓)▓.▓)▓.▓.▓.▓.▓.▓
.▓)▓.▓)▓.▓.▓)▓.▓.▓
.▓)▓.▓.▓.▓.▓.▓)▓.▓
.▓.▓.▓)▓.▓.▓.▓)▓.▓
.▓.▓.▓†▓.▓.▓.▓)▓.▓
.▓[▓.♣'♣.▓.▓.▓)▓.▓
.▓[▓.♣.♣.▓[▓.▓)▓.▓
.▓[▓.♣†♣.▓.▓.▓)▓)▓


You could see Frederick, Frances, a spellforged servitor, a soul eater, a smoke
demon and a friendly ogre (berserk).

Vanquished Creatures
  Jory (D)
  Rupert (D)
  Agnes (D)
  2 thorn hunters (D)
  Donald (D)
  An ironheart preserver (D)
  2 very ugly things (D)
  A stone giant (D)
  2 ettins (D)
  2 ice dragons (D)
  3 hydras (D)
  A ghost crab (D)
  A catoblepas (D)
  A satyr (D)
  5 death yaks (D)
  A two-headed ogre (D)
  A tengu warrior (D)
  An orc high priest (D)
  2 shock serpents (D)
  Sonja (D)
  A salamander mystic (D)
  6 orc knights (D)
  2 ugly things (D)
  A deep elf mage (D)
  A mana viper (D)
  A wolf spider (D)
  3 naga magi (D)
  2 black mambas (D)
  2 spiny frogs (D)
  A freezing wraith (D)
  3 komodo dragons (D)
  4 demonic crawlers (D)
  A tengu conjurer (D)
  A hornet (D)
  A troll (D)
  2 blink frogs (D)
  2 hippogriffs (D)
  A bog body (D)
  3 slime creatures (D)
  3 redbacks (D)
  4 yaks (D)
  A hog (D)
  Grum (D)
  A vampire mosquito (D)
  2 water moccasins (D)
  A porcupine (D)
  2 orc warriors (D)
  An ice beast (D)
  An eye of draining (D)
  A tengu (shapeshifter) (D)
  3 wolves (D)
  An ogre (D)
  2 crocodiles (D)
  4 bullfrogs (D)
  A crimson imp (D)
  2 hounds (D)
  2 orc wizards (D)
  An adder (D)
  An adder skeleton (D)
  A leopard gecko (D)
  3 orcs (D)
  A bat (D)
  A bat skeleton (D)
  A goblin (D)
  A hobgoblin (D)
  A jackal (D)
  A kobold (D)
114 creatures vanquished.

Vanquished Creatures (collateral kills)
  Mara (D)
  A lich (D)
  Kirke (D)
  A fire giant (D)
  A vault warden (D)
  4 stone giants (D)
  An ironheart preserver (D)
  A very ugly thing (D)
  A merfolk javelineer (D)
  A fire dragon (D)
  A great orb of eyes (D)
  2 ice dragons (D)
  A hydra (D)
  An ogre mage (D)
  7 orc high priests (D)
  A tengu warrior (D)
  A vampire mage (D)
  A deep troll earth mage (D)
  A shadow wraith (D)
  An unseen horror (D)
  5 orc knights (D)
  An orc sorcerer (D)
  A salamander (shapeshifter) (D)
  A manticore (D)
  2 ugly things (D)
  A cyclops (D)
  2 vault sentinels (D)
  A yaktaur (D)
  A troll (shapeshifter) (D)
  A hornet (D)
  A merfolk (D)
  A raiju (shapeshifter) (D)
  A wind drake (D)
  2 slime creatures (D)
  A snapping turtle (D)
  2 hippogriffs (D)
  A water elemental (D)
  A wraith (D)
  7 orc warriors (D)
  A centaur (D)
  2 orc wizards (D)
  3 orcs (D)
  A bat skeleton (D)
  A giant cockroach zombie (D)
71 creatures vanquished.

Vanquished Creatures (others)
  A lich (D)
  A swamp drake (D)
  2 briar patches (D)
4 creatures vanquished.

Grand Total: 189 creatures vanquished

Notes
Turn   | Place    | Note
-------+----------+-------------------------------------------
     0 | D        | KingStallion the Gargoyle Berserker began the quest for the Orb.
     0 | D        | Reached XP level 1. HP: 14/14 MP: 1/1
    17 | D        | Reached ** piety under Trog
    17 | D        | Reached skill level 4 in Fighting
    22 | D        | Reached XP level 2. HP: 13/20 MP: 2/2
   130 | D        | Noticed an ice beast
   130 | D        | Noticed a crimson imp
   136 | D        | Killed an ice beast
   136 | D        | Reached skill level 6 in Fighting
   136 | D        | Reached XP level 3. HP: 28/28 MP: 3/3
   136 | D        | Reached XP level 4. HP: 32/32 MP: 4/4
   143 | D        | Reached *** piety under Trog
   186 | D        | Reached skill level 7 in Fighting
   186 | D        | Reached XP level 5. HP: 25/38 MP: 5/5
   192 | D        | Found a roughly hewn altar of Beogh.
   192 | D        | Found a snail-covered altar of Cheibriados.
   192 | D        | Found a shadowy altar of Dithmenos.
   192 | D        | Found a white marble altar of Elyvilon.
   192 | D        | Found a blossoming altar of Fedhas.
   192 | D        | Found an opulent altar of Gozag.
   193 | D        | Found a hazy altar of Hepliaklqana.
   194 | D        | Found a viscous altar of Jiyva.
   195 | D        | Found an ancient bone altar of Kikubaaqudgha.
   196 | D        | Found a corrupted altar of Lugonu.
   197 | D        | Found a burning altar of Makhleb.
   198 | D        | Found a sparkling altar of Nemelex Xobeh.
   199 | D        | Found an iron altar of Okawaru.
   200 | D        | Found a stormy altar of Qazlal.
   201 | D        | Found a sacrificial altar of Ru.
   202 | D        | Found a deep blue altar of Sif Muna.
   203 | D        | Found a bloodstained altar of Trog.
   204 | D        | Found a hide-covered altar of Uskayaw.
   205 | D        | Found a radiant altar of Vehumet.
   207 | D        | Found a shimmering altar of Xom.
   208 | D        | Found a basalt altar of Yredelemnul.
   209 | D        | Found a glowing silver altar of Zin.
   210 | D        | Found a glowing golden altar of the Shining One.
   265 | D        | Noticed a water moccasin
   265 | D        | Noticed an eye of draining
   268 | D        | Reached **** piety under Trog
   280 | D        | Killed a water moccasin
   280 | D        | Reached skill level 8 in Fighting
   280 | D        | Reached XP level 6. HP: 42/45 MP: 2/6
   282 | D        | Reached skill level 9 in Fighting
   288 | D        | Killed an eye of draining
   288 | D        | Reached ***** piety under Trog
   301 | D        | Noticed a hippogriff
   301 | D        | Noticed a troll
   301 | D        | Noticed a two-headed ogre
   322 | D        | Killed a hippogriff
   322 | D        | Reached skill level 10 in Fighting
   322 | D        | Reached skill level 10 in Maces & Flails
   322 | D        | Reached skill level 5 in Armour
   322 | D        | Reached skill level 5 in Dodging
   322 | D        | Reached XP level 7. HP: 50/53 MP: 4/7
   329 | D        | Killed a troll
   329 | D        | Received a gift from Trog
   329 | D        | Reached skill level 11 in Fighting
   329 | D        | Reached XP level 8. HP: 60/60 MP: 4/8
   333 | D        | Killed a two-headed ogre
   537 | D        | Noticed a six-headed hydra
   537 | D        | Noticed a four-headed hydra
   537 | D        | Noticed a yak
   537 | D        | Noticed a yak
   537 | D        | Noticed a spiny frog
   540 | D        | Killed a yak
   540 | D        | Reached XP level 9. HP: 46/65 MP: 9/9
   542 | D        | Killed a six-headed hydra
   542 | D        | Reached skill level 12 in Fighting
   542 | D        | Reached skill level 1 in Evocations
   542 | D        | Killed a four-headed hydra
   544 | D        | Noticed a komodo dragon
   544 | D        | Reached skill level 13 in Fighting
   544 | D        | Reached skill level 15 in Maces & Flails
   550 | D        | Killed a spiny frog
   550 | D        | Reached XP level 10. HP: 54/73 MP: 9/11
   557 | D        | Received a gift from Trog
   601 | D        | Received a gift from Trog
   603 | D        | Noticed a five-headed hydra
   623 | D        | Reached ****** piety under Trog
   626 | D        | Killed a five-headed hydra
   626 | D        | Reached skill level 14 in Fighting
   635 | D        | Received a gift from Trog
   635 | D        | Reached skill level 10 in Armour
   650 | D        | Noticed a death yak
   650 | D        | Noticed a death yak
   650 | D        | Noticed a catoblepas
   650 | D        | Noticed a death yak
   650 | D        | Noticed a death yak
   659 | D        | Killed a death yak
   659 | D        | Reached XP level 11. HP: 79/80 MP: 7/12
   660 | D        | Noticed a death yak
   666 | D        | Killed a death yak
   672 | D        | Killed a catoblepas
   672 | D        | Reached skill level 1 in Stealth
   692 | D        | Killed a death yak
   692 | D        | Reached skill level 15 in Fighting
   701 | D        | Killed a death yak
   712 | D        | Killed a death yak
   712 | D        | Received a gift from Trog
  1096 | D        | Noticed an ettin
  1098 | D        | Noticed an ettin
  1116 | D        | Killed an ettin
  1116 | D        | Reached skill level 16 in Fighting
  1122 | D        | Received a gift from Trog
  1129 | D        | Killed an ettin
  1136 | D        | Received a gift from Trog
  1196 | D        | Noticed an orc sorcerer
  1196 | D        | Noticed an orc knight
  1196 | D        | Noticed an orc high priest
  1196 | D        | Noticed an orc knight
  1202 | D        | Killed an orc sorcerer
  1202 | D        | Received a gift from Trog
  1204 | D        | Killed an orc knight
  1209 | D        | Killed an orc high priest
  1211 | D        | Killed an orc knight
  1212 | D        | Reached XP level 12. HP: 50/90 MP: 14/14
  1219 | D        | Received a gift from Trog
  1221 | D        | Noticed an orc high priest
  1224 | D        | Killed an orc high priest
  1254 | D        | Got a smoking arbalest {god gift}
  1272 | D        | Found Xatipyntic's Food Emporium.
  1272 | D        | Noticed an orc high priest
  1272 | D        | Noticed an orc high priest
  1272 | D        | Noticed an orc high priest
  1272 | D        | Noticed an orc high priest
  1275 | D        | Killed an orc high priest
  1279 | D        | Killed an orc high priest
  1279 | D        | Reached skill level 17 in Fighting
  1280 | D        | Killed an orc high priest
  1282 | D        | Noticed an orc high priest
  1282 | D        | Killed an orc high priest
  1286 | D        | Killed an orc high priest
  1311 | D        | Received a gift from Trog
  1311 | D        | Reached skill level 10 in Dodging
  1373 | D        | Found Giarphid's Book Shoppe.
  1375 | D        | Found Horuemeo's Book Emporium.
  1392 | D        | Found Ufri's Jewellery Shoppe.
  1413 | D        | Noticed an orc high priest
  1422 | D        | Killed an orc high priest
  1422 | D        | Reached skill level 18 in Fighting
  1431 | D        | Reached skill level 1 in Throwing
  1468 | D        | Noticed Sonja
  1486 | D        | Killed Sonja
  1486 | D        | Received a gift from Trog
  1507 | D        | Noticed Grum
  1524 | D        | Killed Grum
  1607 | D        | Identified the +4 arbalest of the Salmon {freeze, rPois} (Trog gifted it to you in the Dungeon)
  1658 | D        | Got the +10 plate armour "Uphotae" {rElec rF+ rC-}
  1694 | D        | Noticed a five-headed hydra
  1702 | D        | Killed a five-headed hydra
  1702 | D        | Received a gift from Trog
  1717 | D        | Noticed an ice dragon
  1718 | D        | Noticed a stone giant
  1719 | D        | Noticed a stone giant
  1720 | D        | Noticed an ice dragon
  1722 | D        | Killed an ice dragon
  1722 | D        | Received a gift from Trog
  1725 | D        | Noticed a stone giant
  1727 | D        | Noticed a deep troll earth mage
  1737 | D        | Killed a stone giant
  1740 | D        | Killed a stone giant
  1744 | D        | Killed an ice dragon
  1744 | D        | Reached skill level 15 in Armour
  1744 | D        | Reached XP level 13. HP: 35/99 MP: 15/15
  1748 | D        | Killed a stone giant
  1969 | D        | Noticed Donald
  1987 | D        | Killed Donald
  1987 | D        | Received a gift from Trog
  1987 | D        | Reached skill level 19 in Fighting
  2206 | D        | Noticed a merfolk javelineer
  2214 | D        | Killed a merfolk javelineer
  2244 | D        | Received a gift from Trog
  2270 | D        | Noticed a thorn hunter
  2283 | D        | Killed a thorn hunter
  2300 | D        | Received a gift from Trog
  2310 | D        | Noticed a thorn hunter
  2321 | D        | Killed a thorn hunter
  2346 | D        | Reached skill level 20 in Fighting
  2384 | D        | Received a gift from Trog
  2415 | D        | Received a gift from Trog
  2418 | D        | Got a faintly glowing executioner's axe {god gift}
  2419 | D        | Identified the +2 executioner's axe of Fiocsuf {antimagic, rElec rC+} (Trog gifted it to you in the Dungeon)
  2440 | D        | Received a gift from Trog
  2440 | D        | Reached skill level 1 in Axes
  2503 | D        | Noticed Kirke
  2533 | D        | Killed Kirke
  2619 | D        | Noticed a fire giant
  2619 | D        | Noticed a fire dragon
  2619 | D        | Noticed a stone giant
  2625 | D        | Killed a fire giant
  2625 | D        | Received a gift from Trog
  2625 | D        | Gained mutation: Your large and strong wings let you fly indefinitely. [Gargoyle growth]
  2625 | D        | Reached XP level 14. HP: 95/108 MP: 5/16
  2632 | D        | Reached skill level 21 in Fighting
  2632 | D        | Reached skill level 1 in Unarmed Combat
  2637 | D        | Killed a stone giant
  2637 | D        | Reached skill level 5 in Axes
  2676 | D        | Received a gift from Trog
  2697 | D        | Noticed a brown very ugly thing
  2698 | D        | Noticed a lich
  2699 | D        | Noticed a stone giant
  2700 | D        | Noticed a cyan very ugly thing
  2705 | D        | Noticed a white very ugly thing
  2708 | D        | Killed a brown very ugly thing
  2710 | D        | Killed a lich
  2721 | D        | Killed a stone giant
  2730 | D        | Killed a white very ugly thing
  2744 | D        | Killed a brown very ugly thing
  2764 | D        | Received a gift from Trog
  2792 | D        | Received a gift from Trog
  2800 | D        | Received a gift from Trog
  2811 | D        | Noticed an ironheart preserver
  2815 | D        | Noticed a lich
  2825 | D        | Killed a lich
  2825 | D        | Reached skill level 22 in Fighting
  2826 | D        | Killed an ironheart preserver
  2827 | D        | Noticed a vault warden
  2828 | D        | Received a gift from Trog
  2831 | D        | Killed a vault warden
  2860 | D        | Noticed an ironheart preserver
  2892 | D        | Killed an ironheart preserver
  2892 | D        | Reached skill level 10 in Axes
  2971 | D        | Noticed Rupert
  2983 | D        | Noticed Jory
  2990 | D        | Killed Rupert
  3024 | D        | Killed Jory
  3024 | D        | Received a gift from Trog
  3051 | D        | Noticed Mara
  3065 | D        | Noticed KingStallion's illusion
  3120 | D        | Killed Mara
  3120 | D        | Reached skill level 23 in Fighting
  3120 | D        | Reached XP level 15. HP: 55/119 MP: 17/17
  3413 | D        | Noticed Agnes
  3432 | D        | Killed Agnes
  3438 | D        | Noticed Frederick
  3439 | D        | Noticed Frances
  3441 | D        | HP: 1/120 [spellforged servitor/bolt of cold[Frederick] (43)]
  3447 | D        | Killed from afar by a spellforged servitor

Skill      XL: |  1  2  3  4  5  6  7  8  9 10 11 12 13 14 |
---------------+-------------------------------------------+-----
Fighting       | 4 6 7 8 10 11 13 14 16 18 20 23 | 23.4
Maces & Flails | 6 7 8 10 11 13 15 16 18 19 21 22 | 22.8
Armour         | 3 4 5 6 8 10 12 15 17 18 | 18.8
Dodging        | 3 4 5 6 7 8 9 10 11 | 11.3
Evocations     | 1 2 3 |  3.0
Stealth        | 2 3 4 |  4.9
Throwing       | 1 2 |  2.0
Axes           | 4 10 | 10.4
Unarmed Combat | 2 |  2.0

Action                   |  1- 3 |  4- 6 |  7- 9 | 10-12 | 13-15 || total
-------------------------+-------+-------+-------+-------+-------++-------
Melee: Mace              |    23 |    38 |       |       |       ||    61
       Dire flail        |       |    41 |    16 |   240 |   306 ||   603
       Executioner's axe |       |       |       |       |    95 ||    95
       Unarmed           |       |       |       |       |     9 ||     9
Throw: Tomahawk          |       |       |       |     1 |       ||     1
Invok: Berserk           |     1 |       |     1 |     4 |     1 ||     7
       Trog's Hand       |       |     1 |     1 |     8 |    11 ||    21
       Brothers in Arms  |       |       |       |     6 |    13 ||    19
Evoke: Wand              |       |       |     5 |     2 |       ||     7
  Use: Potion            |       |       |       |       |     5 ||     5
       Scroll            |       |       |       |       |     1 ||     1
 Stab: Petrifying        |       |       |       |     1 |       ||     1
       Confused          |       |       |       |       |     2 ||     2
  Eat: Chunk             |       |       |     1 |    12 |     6 ||    19
       Bread ration      |       |       |       |       |     3 ||     3
Armor: Animal skin       |     7 |    18 |       |       |       ||    25
       Chain mail        |       |    44 |    13 |    84 |       ||   141
       Plate armour      |       |       |       |     3 |   295 ||   298
Dodge: Dodged            |    19 |    42 |    13 |    89 |   182 ||   345
